 Dungeon Crawl Stone Soup version 0.25-a0-292-gaa31f046c4 (webtiles) character file.

Game seed: 4986891086194844603, levelgen mode: deterministic

172 floatRand the Insei (level 5, -2/41 HPs)
             Began as a Demonspawn Monk on Dec 15, 2019.
             Slain by a phantom (5 damage)
             ... on level 3 of the Dungeon.
             The game lasted 00:04:31 (4187 turns).

floatRand the Insei (Demonspawn Monk)               Turns: 4187, Time: 00:04:32

Health: -2/41      AC:  6    Str: 11 (12) XL:     5   Next: 27%
Magic:  14/14      EV: 12    Int: 10 (11) God:
Gold:   134        SH:  0    Dex: 15 (16) Spells: 4/4 levels left

rFire    + . .     SeeInvis .     - Unarmed
rCold    + . .     Gourm    .   (no shield)
rNeg     . . .     Faith    +   n - +2 animal skin
rPois    .         Spirit   .   p - +0 helmet
rElec    .         Reflect  .   (no cloak)
rCorr    .         Harm     .   k - +0 pair of gloves
MR       .....                  (no boots)
Stlth    ++........             t - amulet of faith
HPRegen  0.13/turn              o - ring of protection from fire
MPRegen  0.14/turn              m - ring of magical power

@: drained
A: cold resistance 1, freezing cloud immunity
a: no special abilities


You were on level 3 of the Dungeon.
You were not hungry.

You visited 1 branch of the dungeon, and saw 4 of its levels.

You collected 134 gold pieces.

Inventory:

Armour
 a - a +0 robe
 k - a +0 pair of gloves (worn)
 n - a +2 animal skin (worn)
 p - a +0 helmet (worn)
Jewellery
 h - an uncursed ring of ice
 m - a ring of magical power (right hand)
 o - a ring of protection from fire (left hand)
 t - an amulet of faith (around neck)
Wands
 s - a wand of acid (4)
Scrolls
 c - 3 scrolls of remove curse {unknown}
 d - 3 scrolls of noise {unknown}
 e - a scroll of immolation {unknown}
 f - 3 scrolls of fear {unknown}
 g - a scroll of identify {unknown}
 i - a scroll of magic mapping {unknown}
 j - 2 scrolls of teleportation {unknown}
 l - a scroll of fog {unknown}
 r - a scroll of enchant weapon {unknown}
Potions
 u - a potion of haste
 w - a potion of invisibility {unknown}
Comestibles
 b - 5 rations


   Skills:
 - Level 3.0(2.2) Fighting
 - Level 2.6(1.9) Dodging
 - Level 1.7(1.0) Stealth
 + Level 5.5(4.6) Unarmed Combat


You had 4 spell levels left.
You didn't know any spells.
Your spell library was empty.

Dungeon Overview and Level Annotations

Branches:
Dungeon (4/15)
 Temple: D:4-7

Altars:
Ashenzari


Innate Abilities, Weirdness & Mutations

Your flesh is cold resistant. (rC+)
You are immune to freezing clouds.


Message History

You are too injured to fight recklessly!
You are too injured to fight recklessly!
You barely miss the phantom.
The phantom is heavily damaged.
The phantom hits you.
* * * LOW HITPOINT WARNING * * *
The phantom blinks!
You barely miss the phantom.
The phantom is heavily damaged.
The phantom hits you!
* * * LOW HITPOINT WARNING * * *
You barely miss the phantom.
The phantom is heavily damaged.
The phantom hits you.
* * * LOW HITPOINT WARNING * * *
It was a potion of degeneration.
There was something very wrong with that liquid.
You feel weakened.
You feel dopey.
You feel clumsy. The phantom hits you.
You die...

..........##.# ######.#
..........##.# #######.#
........#.##.# #....##.#######
........#..#.# #....##.......#
........##.#.###....########.#
........##.#...#....########.#
.......†##.....#.............#
........###....#.....#########
........###....#@W...#
............>........#
.............###....##
.............# #....#
######.......# #....#
#.......# ###### #.......#
#.......# #.......#


You could see a phantom.

Vanquished Creatures
  Robin (D:2)
  5 adders
  4 worms (D:3)
  3 dart slugs
  4 leopard geckos
  An orc (D:3)
  6 giant cockroaches
  16 hobgoblins
  6 jackals
  8 kobolds
  2 ball pythons (D:2)
  10 bats
  2 frilled lizards
  12 goblins
  10 rats
90 creatures vanquished.

Vanquished Creatures (others)
  A bat (D:2)
1 creature vanquished.

Grand Total: 91 creatures vanquished

Notes
Turn   | Place    | Note
-------+----------+-------------------------------------------
     0 | D:1      | floatRand the Demonspawn Monk began the quest for the Orb.
     0 | D:1      | Reached XP level 1. HP: 18/18 MP: 1/1
    50 | D:1      | Reached skill level 3 in Unarmed Combat
   231 | D:1      | Gained mutation: Your flesh is cold resistant. (rC+)
                  | [demonic ancestry]
   231 | D:1      | Reached XP level 2. HP: 24/24 MP: 2/2
  1352 | D:2      | Gained mutation: You are immune to freezing clouds.
                  | [demonic ancestry]
  1352 | D:2      | Reached XP level 3. HP: 29/29 MP: 3/3
  1439 | D:2      | Reached skill level 4 in Unarmed Combat
  2189 | D:2      | Reached XP level 4. HP: 33/35 MP: 4/4
  2505 | D:2      | Noticed Robin
  2548 | D:2      | Killed Robin
  3058 | D:3      | Reached skill level 5 in Unarmed Combat
  3431 | D:3      | Reached XP level 5. HP: 34/41 MP: 5/5
  3748 | D:3      | Found a shattered altar of Ashenzari.
  4155 | D:4      | Noticed an ogre
  4155 | D:4      | Noticed a phantom
  4187 | D:3      | Slain by a phantom

Levels and vault maps discovered:
D:1:      saegor_arrival_simple_a, layout_basic, minmay_fountain_box,
          chequers_mini_garden, dk_noncrumbling_4
D:2:      layout_loops_cross, first_ration, uniq_robin
D:3:      layout_basic, marbit_many_paths
D:4:      layout_cave_pods, gammafunk_temple_overflow_pools, serial_shops, shop,
          uniq_pikel

Skill      XL: |  1  2  3  4 |
---------------+-------------+-----
Unarmed Combat | 3 4 5 |  5.5
Fighting       | |  3.0
Dodging        | |  2.6
Stealth        | |  1.7

Action                   |  1- 3 |  4- 6 || total
-------------------------+-------+-------++-------
Melee: Unarmed           |   152 |   244 ||   396
       Punch             |     3 |     6 ||     9
  Use: Potion            |     3 |     1 ||     4
 Stab: Sleeping          |     6 |     4 ||    10
  Eat: Chunk             |     4 |     7 ||    11
Armor: Robe              |    35 |    10 ||    45
       Animal skin       |       |    61 ||    61
Dodge: Dodged            |   116 |   138 ||   254

Table legend:
 A = Non-vault XP
 B = Vault XP
 C = Vault XP percentage of total XP
 D = Non-vault monster count
 E = Vault monster count
 F = Vault count percentage of total count
                 A         B        C        D         E       F
            +---------+---------+-------+---------+---------+-------
      Total |     219 |      27 |  11.0 |      82 |       8 |   8.9
            +---------+---------+-------+---------+---------+-------
        D:1 |      35 |       0 |   0.0 |      20 |       0 |   0.0
        D:2 |      94 |      26 |  21.7 |      33 |       7 |  17.5
        D:3 |      90 |       1 |   1.1 |      29 |       1 |   3.3
            +---------+---------+-------+---------+---------+-------
